 Dungeon Crawl Stone Soup version 0.21.1-1-g345015fe64 (webtiles) character file.

602 Htamos the Shield-Bearer (level 7, 0/52 HPs)
             Began as a Formicid Fighter on July 13, 2018.
             Killed from afar by an orc wizard (14 damage)
             ... with a puff of frost
             ... on level 3 of the Dungeon.
             The game lasted 00:06:14 (3589 turns).

Htamos the Shield-Bearer (Formicid Fighter)         Turns: 3589, Time: 00:06:15

Health: 0/52       AC:  8    Str: 23    XL:     7   Next: 69%
Magic:  7/7        EV:  9    Int:  7    God:
Gold:   71         SH: 11    Dex: 10    Spells: 6/6 levels left

rFire    . . .     SeeInvis +   q - +1 whip (elec)
rCold    . . .     Gourm    .   c - +0 shield
rNeg     . . .     Faith    .   b - +0 scale mail
rPois    .         Spirit   .   (helmet unavailable)
rElec    .         Reflect  .   (no cloak)
rCorr    .         Harm     .   (no gloves)
MR       .....                  n - +0 pair of boots
Stlth    ..........             (no amulet)
HPRegen  0.17/turn              (no ring)
MPRegen  0.10/turn              (no ring)

@: no status effects
A: permanent stasis, dig shafts and tunnels, four strong arms, antennae 3
a: Dig, Shaft Self


You were on level 3 of the Dungeon.
You were not hungry.

You visited 1 branch of the dungeon, and saw 4 of its levels.

You collected 71 gold pieces.

Inventory:

Hand Weapons
 a - a +0 flail
 l - a +0 hunting sling
 q - a +1 whip of electrocution (weapon)
Missiles
 k - 68 stones (quivered)
Armour
 b - a +0 scale mail (worn)
 c - a +0 shield (worn)
 n - a +0 pair of boots (worn)
Jewellery
 m - an uncursed ring of stealth {unknown}
 r - an uncursed ring of ice {unknown}
Scrolls
 e - 5 scrolls of teleportation {unknown}
 i - 3 scrolls of enchant weapon {unknown}
 j - 4 scrolls of identify {unknown}
 p - a scroll of fog {unknown}
 s - a scroll of immolation {unknown}
 t - 3 scrolls of remove curse {unknown}
Potions
 d - 2 potions of might
 g - a potion of haste {unknown}
 h - a potion of curing {unknown}
 o - 2 potions of mutation {unknown}
 u - a potion of heal wounds {unknown}
 v - a potion of agility
Comestibles
 f - 9 rations
 w - 3 chunks of flesh


   Skills:
 - Level 3.2 Fighting
 + Level 5.8 Maces & Flails
 - Level 3.2 Armour
 + Level 7.5 Shields


You had 6 spell levels left.
You didn't know any spells.

Dungeon Overview and Level Annotations

Branches:
Dungeon (4/15)
 Temple: D:4-7

Altars:
Sif Muna
Uskayaw

Annotations:
D:4 Menkaure


Innate Abilities, Weirdness & Mutations

You cannot be hasted, slowed, berserked, paralysed or teleported.
You can dig through walls and to a lower floor.
Your four strong arms can wield two-handed weapons with a shield.
You have a pair of large antennae on your head. (SInv)


Message History

The orc priest is moderately wounded.
The orc priest hits you with a whip. You block the leopard gecko's attack.
You barely miss the orc priest.
The orc priest is moderately wounded.
The orc priest mumbles some strange prayers to Beogh against you.
Beogh smites you! The leopard gecko closely misses you.
The orc wizard barely misses you.
The orc priest invokes the aid of Beogh against you.
Beogh smites you!
* * * LOW HITPOINT WARNING * * *
You block the leopard gecko's attack.
You climb upwards.
There is a stone staircase leading down, spattered with blood here.
You hit the orc priest.
Lightning courses through the orc priest!
You kill the orc priest!
You block the orc wizard's attack. The leopard gecko barely misses you.
The orc wizard gestures at you while chanting.
The puff of frost hits you!
You die...

####### #.....# ########
#.....# #......# #.....#
#......# #>....######
##......# ##.[...#....#
###)......# #......##.#.###
##.........#
#......##.....###o[####.####
#.##.#####.##..#@>## #.#
#...[# #.#....l## #.# #..###
#.#.##.(# #.# ...#
#...###.## #.# ### ...#
###..# #..## #.####.# ..##
##...## ##..####.##...#
..### ##.>#..#
##...##.##.#.# ....#
#..###.## ###....##.#.#
.##.# #)## #..## ###.....#.#


You could see an orc wizard and a leopard gecko.

Vanquished Creatures
  Sigmund (D:2)
  The ghost of theNoobletaur the Cudgeler, an amateur DsCK of Fedhas (D:3)
  An orc priest (D:3)
  An orc wizard (D:3)
  Natasha (thrice) (D:2)
  A worker ant (D:3)
  2 gnolls
  A howler monkey skeleton (D:4)
  6 adders
  An ooze (D:1)
  A worm (D:2)
  2 dart slugs
  2 leopard geckos
  An orc (D:3)
  A ball python (D:2)
  4 giant cockroaches
  10 goblins
  7 hobgoblins
  2 jackals (D:3)
  8 kobolds
  A quokka (D:2)
  7 bats
  A frilled lizard (D:2)
  12 rats
77 creatures vanquished.

Vanquished Creatures (others)
  A quokka (D:4)
1 creature vanquished.

Grand Total: 78 creatures vanquished

Notes
Turn   | Place    | Note
-------+----------+-------------------------------------------
     0 | D:1      | Htamos the Formicid Fighter began the quest for the Orb.
     0 | D:1      | Reached XP level 1. HP: 18/18 MP: 1/1
   120 | D:1      | Reached XP level 2. HP: 23/24 MP: 2/2
   151 | D:1      | Reached skill level 4 in Shields
   337 | D:1      | Reached XP level 3. HP: 29/29 MP: 3/3
   771 | D:2      | Noticed a hand axe
   782 | D:2      | Noticed Natasha
   793 | D:2      | Killed Natasha
   793 | D:2      | Reached XP level 4. HP: 17/35 MP: 4/4
   848 | D:2      | Noticed Natasha
  1048 | D:2      | HP: 1/35 [Natasha (11)]
  1049 | D:2      | Killed Natasha
  1049 | D:2      | Reached skill level 5 in Shields
  1416 | D:2      | Reached XP level 5. HP: 35/41 MP: 5/5
  1677 | D:2      | Found a hide-covered altar of Uskayaw.
  1680 | D:2      | Noticed Sigmund
  1702 | D:2      | Killed Sigmund
  1702 | D:2      | Reached skill level 6 in Shields
  1702 | D:2      | Reached XP level 6. HP: 16/47 MP: 6/6
  1834 | D:2      | Noticed a dagger
  2110 | D:2      | Noticed Natasha
  2116 | D:2      | Killed Natasha
  2380 | D:3      | Noticed theNoobletaur's ghost (amateur DsCK)
  2595 | D:3      | Killed theNoobletaur's ghost
  2595 | D:3      | Reached skill level 5 in Maces & Flails
  2595 | D:3      | Reached skill level 7 in Shields
  2595 | D:3      | Reached XP level 7. HP: 34/52 MP: 7/7
  2871 | D:3      | Found a faded altar of an unknown god.
  3166 | D:3      | Found a deep blue altar of Sif Muna.
  3342 | D:4      | Noticed Menkaure
  3589 | D:3      | Killed from afar by an orc wizard

Skill      XL: |  1  2  3  4  5  6 |
---------------+-------------------+-----
Shields        | 4 5 6 7 |  7.5
Maces & Flails | 3 4 5 |  5.8
Fighting       | |  3.2
Armour         | |  3.2

Action                   |  1- 3 |  4- 6 |  7- 9 || total
-------------------------+-------+-------+-------++-------
Melee: Flail             |    61 |    97 |       ||   158
       Whip              |       |    41 |    66 ||   107
  Eat: Chunk             |       |     6 |     3 ||     9
Armor: Scale mail        |    33 |    51 |    18 ||   102
Dodge: Dodged            |    16 |    44 |    24 ||    84
Block: Shield            |    28 |    77 |    47 ||   152
